 Dungeon Crawl Stone Soup version 0.26.0-10-g1f06aea511 (webtiles) character file.

Game seed: 1853759503161509720

674 Borgoz the Slasher (level 7, -2/60 HPs)
             Began as a Ghoul Gladiator on Jan 18, 2021.
             Slain by Pikel
             ... wielding a +0 whip of electrocution
              (17 damage)
             ... on level 5 of the Dungeon.
             The game lasted 00:05:27 (4699 turns).

Borgoz the Slasher (Ghoul Gladiator)                Turns: 4699, Time: 00:05:27

Health: -2/60      AC: 11    Str: 18    XL:     7   Next: 59%
Magic:  6/6        EV: 12    Int:  3    God:
Gold:   155        SH:  5    Dex: 12    Spells: 4/6 levels left

rFire    . . .     SeeInvis .   a - +0 long sword
rCold    + . .     Faith    .   k - +2 buckler
rNeg     + + +     Spirit   .   q - quicksilver dragon scales
rPois    ∞         Reflect  .   c - +0 helmet
rElec    .         Harm     .   (no cloak)
rCorr    .         Rampage  .   (no gloves)
Will     ++...                  (no boots)
Stlth    +.........             (no amulet)
HPRegen  0.00/turn              n - ring of willpower
MPRegen  0.10/turn              (no ring)

@: no status effects
A: claws 1, cold resistance 1, negative energy resistance 3, inhibited
regeneration, torment resistance, unbreathing
a: no special abilities


You were on level 5 of the Dungeon.
You visited 1 branch of the dungeon, and saw 5 of its levels.

You collected 155 gold pieces.

Inventory:

Hand Weapons
 a - a +0 long sword (weapon)
Armour
 c - a +0 helmet (worn)
 k - a +2 buckler (worn)
 q - quicksilver dragon scales (worn)
 r - the +0 chain mail of the Slightly Bent {rCorr Int+2}
   (You found it on level 5 of the Dungeon)

   It affects your intelligence (+2).
   It provides partial protection from all sources of acid and corrosion.
Jewellery
 n - a ring of willpower (left claw)
Wands
 p - a wand of disintegration (4)
Scrolls
 b - a scroll of teleportation
 g - a scroll of fear
 i - a scroll of remove curse
 j - 2 scrolls of fog
Potions
 e - a potion of curing
 f - a potion of heal wounds
 h - 3 potions of haste
 l - 2 potions of brilliance
 m - a potion of flight {unknown}


   Skills:
 + Level 4.4 Fighting
 * Level 5.3 Long Blades
 - Level 1.7 Throwing
 + Level 3.0 Armour
 + Level 4.2 Dodging


You had 4 spell levels left.
You knew the following spells:

 Your Spells              Type           Power        Failure   Level
a - Blink                 Tloc           N/A          95%         2

Your spell library contained the following spells:

 Spells                   Type           Power        Failure   Level
 Magic Dart               Conj           0%           87%         1
 Call Imp                 Summ           0%           95%         2
 Slow                     Hex            0%           95%         2
 Conjure Flame            Conj/Fire      0%           99%         3
 Mephitic Cloud           Conj/Pois/Air  0%           99%         3


Dungeon Overview and Level Annotations

Branches:
Dungeon (5/15)
 Temple: D:4-7

Altars:
Gozag
Makhleb
Nemelex Xobeh
Sif Muna

Annotations:
D:5 Pikel


Innate Abilities, Weirdness & Mutations

You thrive by killing the living.
You are immune to poison.
You have sharp fingernails.
Your flesh is cold resistant. (rC+)
You are immune to negative energy. (rN+++)
You do not regenerate when monsters are visible.
You are immune to unholy pain and torment.
You can survive without breathing.


Message History

You block the lemure's attack.
You hit Pikel.
Pikel is heavily wounded.
Pikel closely misses you. The lemure barely misses you.
You riposte.
You barely miss the lemure.
Pikel hits you with a +0 whip of electrocution.
You barely miss Pikel.
Pikel is moderately wounded.
The lemure hits you but does no damage. Pikel hits you but does no damage.
You are electrocuted!
Throw: throwing net
Press: ? - help, Q - select action, (/) - cycle Shift-Dir - straight line, f - Pikel
Aim: Pikel, wielding a +0 whip of electrocution and wearing a +0 robe (moderately wounded)
You throw a throwing net. The throwing net barely misses Pikel.
The lemure hits you.
* * * LOW HITPOINT WARNING * * *
Pikel hits you with a +0 whip of electrocution.
* * * LOW HITPOINT WARNING * * *
You are electrocuted!
You die...

....( #....#
..... #...#
....# 5<..#
###Kn.# ######
#.@55# #....#
#.####
#....###'####...
#.............#
#..
###.###.........
#... #.#
#......... #....
#.# #######...
#.... ####.###
## .. #....
#......# ... .
#.


You could see Pikel, 3 lemures and a necrophage.

Vanquished Creatures
  Edmund (D:3)
  A lemure (D:5)
  A howler monkey (D:4)
  A jelly (D:5)
  A hound (D:2)
  A bullfrog skeleton (D:4)
  An orc priest (D:4)
  An orc wizard (D:4)
  2 iguanas
  Natasha (thrice) (D:2)
  3 worker ants
  7 adders
  3 oozes
  An adder skeleton (D:4)
  2 worms (D:2)
  A dart slug (D:1)
  A leopard gecko (D:3)
  12 orcs
  3 giant cockroaches (D:3)
  3 goblins
  5 hobgoblins
  9 jackals
  2 ball pythons
  6 bats
  5 frilled lizards
  11 kobolds
  7 rats
94 creatures vanquished.

Notes
Turn   | Place    | Note
-------+----------+-------------------------------------------
     0 | D:1      | Borgoz the Ghoul Gladiator began the quest for the Orb.
     0 | D:1      | Reached XP level 1. HP: 17/17 MP: 0/0
   140 | D:1      | Reached XP level 2. HP: 22/25 MP: 1/1
   471 | D:1      | Reached skill level 3 in Long Blades
  1269 | D:2      | Reached XP level 3. HP: 29/30 MP: 2/2
  1342 | D:2      | Reached skill level 1 in Armour
  1363 | D:2      | Reached XP level 4. HP: 37/37 MP: 3/3
  1679 | D:2      | Noticed Natasha
  1685 | D:2      | Killed Natasha
  1862 | D:2      | Found a sparkling altar of Nemelex Xobeh.
  1862 | D:2      | Found an opulent altar of Gozag.
  2071 | D:2      | Noticed Natasha
  2096 | D:2      | Killed Natasha
  2097 | D:2      | Reached XP level 5. HP: 8/45 MP: 4/4
  2872 | D:2      | Noticed Natasha
  2890 | D:2      | Killed Natasha
  2891 | D:2      | Reached skill level 4 in Long Blades
  3709 | D:4      | Found a burning altar of Makhleb.
  3711 | D:4      | Noticed Edmund
  3721 | D:3      | Reached XP level 6. HP: 47/51 MP: 5/5
  3759 | D:3      | Killed Edmund
  3957 | D:4      | Reached XP level 7. HP: 55/59 MP: 6/6
  3974 | D:4      | Reached skill level 5 in Long Blades
  4045 | D:4      | Found a shimmering blue altar of Sif Muna.
  4306 | D:5      | Entered Level 5 of the Dungeon
  4366 | D:5      | Got a steaming chain mail
  4377 | D:5      | Identified the cursed +0 chain mail of the Slightly Bent
                  | {rCorr Int+2} (You found it on level 5 of the Dungeon)
  4673 | D:5      | Learned a level 2 spell: Blink
  4675 | D:5      | Noticed Pikel
  4699 | D:5      | Slain by Pikel

Illustrated notes

Levels and vault maps discovered:
D:1:      ebering_hopf_link, layout_basic, chequers_avenue,
          corexii_corridor_pit, minmay_misc_feat_roman
D:2:      layout_loops_ring, grunt_temple_overflow_opulence, bh_walls_and_bars,
          uniq_natasha
D:3:      layout_basic
D:4:      layout_rooms, led_sif_pool, overflow_temple_1_default,
          nicolae_overflow_hidden_temple, uniq_edmund
D:5:      layout_basic, fedhas_bush_and_centaur_altar,
          nicolae_tso_besieged_by_evil, uniq_pikel

Skill      XL: |  1  2  3  4  5  6  7 |
---------------+----------------------+-----
Long Blades    | 3 4 5 |  5.3
Armour         | 1 2 3 |  3.0
Dodging        | 3 4 |  4.2
Fighting       | 3 4 |  4.4
Throwing       | |  1.7

Action                   |  1- 3 |  4- 6 |  7- 9 || total
-------------------------+-------+-------+-------++-------
Melee: Long sword        |    79 |   221 |   104 ||   404
Throw: Throwing net      |       |     1 |     2 ||     3
  Use: Potion            |       |     6 |       ||     6
       Scroll            |       |    10 |     3 ||    13
 Stab: Sleeping          |       |     2 |       ||     2
       Held in net/web   |       |       |     1 ||     1
Armor: Leather armour    |    40 |     9 |       ||    49
       Plate armour      |       |   113 |       ||   113
       Quicksilver drago |       |    44 |    47 ||    91
       Chain mail        |       |       |    11 ||    11
Dodge: Dodged            |    47 |   124 |    68 ||   239
Block: Buckler           |       |     4 |    32 ||    36
       Rpst.: Long sword |    14 |    36 |    27 ||    77
